 Dungeon Crawl Stone Soup version 0.26.0-15-gc6cd9f700b (webtiles) character file.

Game seed: 18070448593670224903

93003 EnegeticOcto the Thaumaturge (level 15, 0/115 HPs)
             Began as a Gnoll Venom Mage on Jan 16, 2021.
             Was a High Priest of Cheibriados.
             Slain by a vampire knight
             ... wielding a +0 dire flail of protection
              (1 damage)
             ... while paralysed by a vampire knight
             ... on level 4 of the Swamp.
             The game lasted 01:10:50 (5877 turns).

EnegeticOcto the Thaumaturge (Gnoll Venom Mage)     Turns: 5877, Time: 01:10:51

Health: 0/115      AC: 25    Str: 25    XL:     15   Next: 65%
Magic:  2/30       EV:  2    Int: 37    God:    Cheibriados [*****.]
Gold:   621        SH:  0    Dex: 30    Spells: 9/36 levels left

rFire    . . .     SeeInvis .   s - staff of cold
rCold    + . .     Faith    .   (no shield)
rNeg     . . .     Spirit   .   M - +1 troll leather armour
rPois    +         Reflect  .   C - +1 hat
rElec    .         Harm     .   (no cloak)
rCorr    .         Rampage  .   (no gloves)
Will     +....                  k - +2 pair of boots
Stlth    +++.......             y - amulet of magic regeneration
HPRegen  0.69/turn              N - ring of poison resistance
MPRegen  0.47/turn              t - +4 ring of protection

@: paralysed, icy armour (expiring), very slow
A: distributed training, fangs 1, sense surroundings 1, evolution 1, strong nose
}: 1/15 runes: gossamer
a: Renounce Religion, Bend Time, Temporal Distortion, Slouch, Step From Time


You were on level 4 of the Swamp.
You worshipped Cheibriados.
Cheibriados was extremely pleased with you.
You visited 6 branches of the dungeon, and saw 27 of its levels.
You also visited: Bailey.

You collected 1421 gold pieces.
You spent 800 gold pieces at shops.

Inventory:

Hand Weapons
 f - a +4 demon trident of venom
   (You found it in a bailey)
 p - a +2 dagger of holy wrath
   (You found it on level 3 of the Dungeon)
 A - the +3 hunting sling of Integrity {speed, rN+ Int+4}
   (You found it in a bailey)

   Attacks with this weapon are significantly faster.
   It affects your intelligence (+4).
   It protects you from negative energy.
   Cheibriados disapproves of the use of such an item.
 J - a +2 war axe
   (You took it off a wight on level 9 of the Dungeon)
 R - the +12 Vampire's Tooth {vamp}
   (You found it on level 10 of the Dungeon)

   It inflicts no extra harm, but heals its wielder when it wounds a living foe.
   Cheibriados disapproves of the use of such an item.
 Y - a +0 demon trident of freezing
   (You found it on level 4 of the Spider Nest)
Missiles
 c - a throwing net (quivered) {!f}
 B - 32 boomerangs
Armour
 k - a +2 pair of boots (worn)
   (You found it on level 3 of the Dungeon)
 C - a +1 hat (worn)
   (You found it on level 8 of the Dungeon)
 M - a +1 troll leather armour (worn)
   (You found it on level 10 of the Dungeon)
Magical Staves
 s - an uncursed staff of cold (weapon)
   (You found it on level 5 of the Dungeon)
 Z - an uncursed staff of poison
   (You took it off Arachne on level 2 of the Spider Nest)
Jewellery
 b - a +4 ring of evasion
   (You found it on level 1 of the Dungeon)
 t - a +4 ring of protection (right hand)
   (You found it on level 4 of the Dungeon)
 w - an uncursed ring of protection from cold
   (You found it on level 5 of the Dungeon)
 y - an amulet of magic regeneration (around neck)
   (You bought it in a shop on level 2 of the Orcish Mines)
 z - a +4 ring of slaying
   (You bought it in a shop on level 11 of the Dungeon)
 L - an uncursed amulet of regeneration
   (You found it on level 10 of the Dungeon)
 N - a ring of poison resistance (left hand)
   (You found it on level 11 of the Dungeon)
Wands
 m - a wand of paralysis (4)
   (You found it on level 8 of the Dungeon)
 v - a wand of polymorph (9)
   (You found it on level 3 of the Lair of Beasts)
 x - a wand of digging (1) {@v3}
   (You found it on level 6 of the Dungeon)
 E - a wand of acid (3) {@v1}
   (You found it on level 8 of the Dungeon)
 I - a wand of iceblast (7) {@v2}
   (You found it on level 3 of the Lair of Beasts)
 T - a wand of enslavement (14)
   (You bought it in a shop on level 10 of the Dungeon)
 X - a wand of random effects (29)
   (You found it on level 4 of the Lair of Beasts)
Scrolls
 h - 3 scrolls of remove curse {@r2}
 r - 2 scrolls of amnesia
 F - 2 scrolls of fog {!r}
 G - 2 scrolls of identify {@r1}
 H - a scroll of holy word
 Q - 2 scrolls of immolation
 U - 3 scrolls of fear {!r}
 V - 2 scrolls of teleportation {@r3 !r}
Potions
 a - a potion of degeneration
 d - 3 potions of curing {@q1 !q}
 e - 4 potions of lignification {@q6}
 g - a potion of haste {@q4 !q}
 i - 2 potions of brilliance
 j - a potion of might {@q3 !q}
 n - 2 potions of mutation
 q - 2 potions of ambrosia
 u - a potion of cancellation
 D - 2 potions of magic
 O - 2 potions of attraction
 P - a potion of berserk rage
 S - a potion of invisibility
 W - 2 potions of resistance
Miscellaneous
 l - a box of beasts (inert)
   (You found it in a bailey)


   Skills:
 + Level 10.2 Fighting
 + Level 10.2 Short Blades
 + Level 10.2 Long Blades
 + Level 10.2 Axes
 + Level 10.2 Maces & Flails
 + Level 10.2 Polearms
 + Level 10.2 Staves
 + Level 10.2 Slings
 + Level 10.2 Bows
 + Level 10.2 Crossbows
 + Level 10.2 Throwing
 + Level 10.2 Armour
 + Level 11.1 Dodging
 + Level 11.0 Stealth
 + Level 10.2 Shields
 + Level 10.2 Unarmed Combat
 + Level 11.2 Spellcasting
 + Level 8.6 Conjurations
 + Level 8.6 Hexes
 + Level 8.6 Summonings
 + Level 8.6 Necromancy
 + Level 8.6 Translocations
 + Level 8.9 Transmutations
 + Level 8.6 Fire Magic
 + Level 8.6 Ice Magic
 + Level 8.6 Air Magic
 + Level 8.6 Earth Magic
 + Level 10.2 Poison Magic
 + Level 11.0 Invocations
 + Level 10.2 Evocations


You had 9 spell levels left.
You knew the following spells:

 Your Spells              Type           Power        Failure   Level
a - Sting                 Tmut/Pois      100%         1%          1
b - Hailstorm             Conj/Ice       91%          1%          4
c - Mephitic Cloud        Conj/Pois/Air  73%          1%          3
d - Olgreb's Toxic Radia  Pois           77%          1%          4
e - Ignite Poison         Fire/Tmut/Pois 73%          1%          3
f - Frozen Ramparts       Ice            100%         1%          3
g - Summon Ice Beast      Ice/Summ       91%          1%          4
h - Poisonous Vapours     Pois/Air       100%         1%          2
i - Ozocubu's Armour      Ice            91%          1%          3

Your spell library contained the following spells:

 Spells                   Type           Power        Failure   Level
 Freeze                   Ice            100%         1%          1
 Haunt                    Necr/Summ      35%          45%         7
 Necromutation            Tmut/Necr      36%          98%         8
 Borgnjor's Revivificati  Necr           35%          99%         8
 Infestation              Necr           35%          99%         8
 Death's Door             Necr           35%          100%        9


Dungeon Overview and Level Annotations

Branches:
Dungeon (12/15)            Temple (1/1) D:4            Lair (4/6) D:9
  Swamp (4/4) Lair:2       Spider (4/4) Lair:4          Orc (2/2) D:11
    Elf (0/3) Orc:2        Bailey (visited)

Altars:
Ashenzari
Cheibriados
Elyvilon
Fedhas
Gozag
Kikubaaqudgha
Makhleb
Qazlal
Ru
Sif Muna
Uskayaw
Vehumet
Wu Jian
Xom
Yredelemnul
The Shining One
Beogh

Shops:
D:6 :   D:10 !*((   D:11 *   Orc:2 [==(

Annotations:
Lair:3 1 runed translucent door, Yjeari's ghost, journeyman GrMo


Innate Abilities, Weirdness & Mutations

Your experience applies equally to all skills.
You have very sharp teeth.
Your uncanny sense of smell can sniff out nearby items.
You passively map a small area around you.
You evolve.


Message History

Your mature shockox beast barely misses something.
Your mature shockox beast tramples something but does no damage.
Your ice beast hits the five-headed hydra.
Your ice beast freezes the five-headed hydra!
The five-headed hydra dies!
Cheibriados appreciates the change of pace.
The swamp drake breathes poison at you.
The noxious blast engulfs something but does no damage.
The wall freezes something.
Your mature shockox beast is engulfed in noxious fumes.
Your mature shockox beast hits the swamp drake!
Your mature shockox beast tramples the swamp drake.
The swamp drake is shoved backwards!
Something barely misses your mature shockox beast.
The swamp drake bites your ice beast.
Your ice beast dies!
The wall freezes something.
Something hits you but does no damage. Something bites you.
Something draws strength from your injuries!
Casting: Frozen Ramparts (safe; 1% risk of failure)
Confirm with . or Enter, or press ? or * to list all spells.
You feel a surge of power! A chill wind blows around you.
Something barely misses your mature shockox beast.
Your mature shockox beast closely misses the swamp drake.
Your mature shockox beast splashes around in the water.
Something closely misses your ice beast.
Something bites your ice beast. Something freezes your ice beast.
Your ice beast completely resists.
Something misses your ice beast. Something bites your ice beast!
Something freezes your ice beast.
Your ice beast completely resists.
Something barely misses your ice beast. Something bites your ice beast!
Something freezes your ice beast.
Your ice beast completely resists.
Something barely misses your ice beast.
The swamp drake barely misses your ice beast.
The wall freezes something.
Something hits you!! Something bites you but does no damage.
Okay, then.
Evoke which item? (* to show all) (? for menu, Esc to quit)
Aiming: Corrosive Bolt
Press: ? - help, Shift-Dir - straight line The bolt of acid hits something!!
Something hits your ice beast! Something freezes your ice beast.
Your ice beast completely resists.
Something hits your ice beast!
Something drains your ice beast's vigour!
Your ice beast seems to slow down.
Something bites your mature shockox beast but does no damage.
Your mature shockox beast hits the swamp drake!
The swamp drake dies!
Cheibriados thoroughly appreciates the change of pace.
Your ice beast barely misses something.
Something bites your ice beast but does no damage.
Something bites your ice beast. Something freezes your ice beast.
Your ice beast completely resists.
Something barely misses your ice beast. Something bites your ice beast.
Something freezes your ice beast.
Your ice beast completely resists.
Something bites your ice beast! Something freezes your ice beast.
Your ice beast completely resists.
Something bites your ice beast. Something freezes your ice beast.
Your ice beast completely resists.
Something bites your ice beast.
Your ice beast dies!
Evoke which item? (* to show all) (? for menu, Esc to quit)
Aiming: Corrosive Bolt
Press: ? - help, Shift-Dir - straight line The bolt of acid hits something.
The acid corrodes something!
The wall freezes something.
Unholy energy fills the air.
* * * LOW HITPOINT WARNING * * *
A freezing wraith comes into view.
Something bites your mature shockox beast but does no damage.
Something barely misses your mature shockox beast.
Something bites your mature shockox beast but does no damage.
Something bites your mature shockox beast.
Something freezes your mature shockox beast!!
Your mature shockox beast resists.
Your mature shockox beast dies!
Your mature shockox beast's corpse disappears in a puff of smoke!
Evoke which item? (* to show all) (? for menu, Esc to quit)
Aiming: Corrosive Bolt
Press: ? - help, Shift-Dir - straight line
Okay, then.
You can feel time thicken for a moment.
You kill the swamp drake!
Cheibriados thoroughly appreciates the change of pace.
The frozen ramparts melt away.
You hear some strange, mumbled words.
You suddenly lose the ability to move!
A swamp dragon comes into view.
An eight-headed hydra simulacrum comes into view.
A seven-headed hydra simulacrum comes into view.
Your icy armour starts to melt.
You hear some strange, mumbled words.
You shrug off the repeated paralysis!
Something hits you!!
* * * LOW HITPOINT WARNING * * *
Something bites you.
You die...

.≈..≈≈≈[≈≈"....≈. ≈
..≈.≈..≈≈.....≈!.≈
....≈≈..≈.....≈≈..≈ , ,
≈≈≈..≈.≈.≈..........≈≈..≈
,
,≈≈§..§.○§Z≈.≈.≈.....≈....
≈...≈≈○k§D....≈..≈.≈?≈.≈.
.≈...≈.○W.....≈≈.....≈...
≈
.##.k○♣##†..≈≈≈(..≈.≈....
##., #@#○≈.≈...?....≈.≈ ≈
* #°, ♣♣#..≈............
*#., ♣♣......≈..♣.... , #†
≈**♣♣.≈≈≈...≈.≈... ♣ * ≈
*♣#≈.≈.≈..≈≈≈≈≈ , *
##.≈)))≈..≈.≈ , * , ≈*
##≈.......≈. * * *
**##.≈≈♣♣.... * ,
##...≈....


You could see a swamp dragon and a seven-headed hydra simulacrum.

Vanquished Creatures
  Arachne (Spider:2)
  A thorn hunter (Swamp:3)
  A ghost moth (Spider:4)
  An emperor scorpion (Spider:4)
  A bunyip (Swamp:3)
  A spark wasp (Spider:4)
  2 hydras
  4 ghost crabs
  A boulder beetle (Orc:1)
  4 ogre magi (Orc:2)
  16 two-headed ogres
  Nergalle (Lair:2)
  2 bog bodies (Swamp:4)
  2 swamp dragons
  8 orb spiders
  4 orc knights
  2 orc sorcerers (Orc:1)
  A will-o-the-wisp (Swamp:4)
  An ugly thing (D:11)
  6 wolf spiders
  A cyclops (Orc:2)
  5 elephants (Lair:4)
  Psyche (D:11)
  A cane toad (Lair:4)
  2 komodo dragons
  A rime drake (Lair:2)
  A demonic crawler (Spider:4)
  2 tyrant leeches
  7 trolls
  A polar bear (Lair:2)
  8 blink frogs
  12 jumping spiders
  23 hornets
  7 tarantellas
  3 vampires
  17 redbacks
  4 spriggans
  21 yaks
  Edmund (D:5)
  2 vampire mosquitoes (D:10)
  2 swamp worms
  A warg (Orc:1)
  2 water moccasins (Lair:4)
  Duvessa (D:5)
  3 swamp drakes (Swamp:4)
  2 black bears
  15 orc warriors
  2 ice beasts
  2 phantoms
  24 ogres
  2 centaurs
  19 wolves
  9 bullfrogs
  A scorpion (D:11)
  Dowan (D:5)
  3 killer bees (D:8)
  4 wights
  3 electric eels
  3 howler monkeys
  A centaur zombie (D:5)
  2 jellies
  2 quasits
  3 hounds
  11 orc wizards
  A centaur skeleton (D:11)
  3 bullfrog skeletons
  2 iguanas
  6 worker ants
  2 hound skeletons
  A howler monkey zombie (D:10)
  A worker ant zombie (D:6)
  A gnoll (D:4)
  2 adders
  2 shadow imps
  An adder zombie (D:9)
  5 worms
  2 leopard geckos
  48 orcs
  3 giant cockroaches (D:4)
  8 goblins
  6 hobgoblins
  7 jackals
  22 kobolds
  3 quokkas
  A bat (D:9)
  3 frilled lizards
428 creatures vanquished.

Vanquished Creatures (collateral kills)
  Gastronok (Lair:2)
  An emperor scorpion (Spider:4)
  An eleionoma (Swamp:3)
  A boulder beetle (Spider:4)
  6 hydras
  3 swamp dragons (Swamp:4)
  A bog body (Swamp:4)
  2 spectral hydras (Swamp:4)
  4 wolf spiders (Spider:4)
  An elephant (Lair:4)
  A black mamba (Lair:4)
  3 cane toads
  A demonic crawler (Spider:3)
  A polar bear (Lair:4)
  2 tyrant leeches
  2 hornets (Swamp:3)
  A tarantella (Spider:4)
  4 yaks
  2 wyverns
  2 redbacks (Spider:4)
  A basilisk (Lair:3)
  4 swamp worms
  A steam dragon (Lair:4)
  6 water moccasins
  3 swamp drakes (Swamp:4)
  A swamp dragon zombie (Swamp:4)
  An ice beast (Lair:1)
  4 wolves (Lair:2)
  A bullfrog (Lair:3)
62 creatures vanquished.

Vanquished Creatures (others)
  A bog body (Swamp:4)
  An orb spider (Spider:4)
  A spriggan (Swamp:4)
  A big kobold (D:11)
  8 fungi
  17 plants
29 creatures vanquished.

Grand Total: 519 creatures vanquished

Notes
Turn   | Place    | Note
-------+----------+-------------------------------------------
     0 | D:1      | EnegeticOcto the Gnoll Venom Mage began the quest for the
                  | Orb.
     0 | D:1      | Reached XP level 1. HP: 13/13 MP: 6/6
    37 | D:1      | Reached skill level 2 in Transmutations
    68 | D:1      | Reached XP level 2. HP: 8/19 MP: 0/7
    81 | D:1      | You fall into a shaft and drop 1 floor!
    88 | D:2      | Learned a level 2 spell: Poisonous Vapours
   149 | D:2      | Found a white marble altar of Elyvilon.
   401 | D:4      | Got a pair of warped boots
   412 | D:4      | Reached skill level 5 in Spellcasting
   412 | D:4      | Reached skill level 1 in Invocations
   412 | D:4      | Reached XP level 3. HP: 15/25 MP: 1/9
   417 | D:4      | Identified the +1 pair of boots "Wairulush" {Harm} (You
                  | found it on level 4 of the Dungeon)
   431 | D:4      | Learned a level 3 spell: Mephitic Cloud
   547 | D:3      | Reached skill level 1 in Fighting
   547 | D:3      | Reached skill level 1 in Short Blades
   547 | D:3      | Reached skill level 1 in Long Blades
   547 | D:3      | Reached skill level 1 in Axes
   547 | D:3      | Reached skill level 1 in Maces & Flails
   547 | D:3      | Reached skill level 1 in Polearms
   547 | D:3      | Reached skill level 1 in Staves
   547 | D:3      | Reached skill level 1 in Slings
   547 | D:3      | Reached skill level 1 in Bows
   547 | D:3      | Reached skill level 1 in Crossbows
   547 | D:3      | Reached skill level 1 in Throwing
   547 | D:3      | Reached skill level 1 in Armour
   547 | D:3      | Reached skill level 1 in Shields
   547 | D:3      | Reached skill level 1 in Unarmed Combat
   547 | D:3      | Reached skill level 1 in Evocations
   562 | D:3      | Reached XP level 4. HP: 14/32 MP: 1/11
   825 | D:4      | Found a staircase to the Ecumenical Temple.
   834 | Temple   | Entered the Ecumenical Temple
   883 | Temple   | Became a worshipper of Cheibriados the Contemplative
   969 | D:4      | Reached skill level 1 in Conjurations
   969 | D:4      | Reached skill level 1 in Hexes
   969 | D:4      | Reached skill level 1 in Summonings
   969 | D:4      | Reached skill level 1 in Necromancy
   969 | D:4      | Reached skill level 1 in Translocations
   969 | D:4      | Reached skill level 1 in Fire Magic
   969 | D:4      | Reached skill level 1 in Ice Magic
   969 | D:4      | Reached skill level 1 in Air Magic
   969 | D:4      | Reached skill level 1 in Earth Magic
   993 | D:4      | Reached XP level 5. HP: 37/37 MP: 1/12
  1040 | D:4      | Found a broken altar of Ashenzari.
  1056 | D:5      | Entered Level 5 of the Dungeon
  1060 | D:5      | Found a glowing golden altar of the Shining One.
  1075 | D:5      | Learned a level 4 spell: Olgreb's Toxic Radiance
  1134 | D:5      | Noticed Edmund
  1153 | D:5      | Killed Edmund
  1154 | D:5      | Reached skill level 2 in Invocations
  1154 | D:5      | Reached XP level 6. HP: 22/44 MP: 2/14
  1259 | D:5      | Reached skill level 2 in Fighting
  1259 | D:5      | Reached skill level 2 in Short Blades
  1259 | D:5      | Reached skill level 2 in Long Blades
  1259 | D:5      | Reached skill level 2 in Axes
  1259 | D:5      | Reached skill level 2 in Maces & Flails
  1259 | D:5      | Reached skill level 2 in Polearms
  1259 | D:5      | Reached skill level 2 in Staves
  1259 | D:5      | Reached skill level 2 in Slings
  1259 | D:5      | Reached skill level 2 in Bows
  1259 | D:5      | Reached skill level 2 in Crossbows
  1259 | D:5      | Reached skill level 2 in Throwing
  1259 | D:5      | Reached skill level 2 in Armour
  1259 | D:5      | Reached skill level 5 in Dodging
  1259 | D:5      | Reached skill level 2 in Shields
  1259 | D:5      | Reached skill level 2 in Unarmed Combat
  1259 | D:5      | Reached skill level 2 in Evocations
  1322 | D:5      | Found a hide-covered altar of Uskayaw.
  1371 | D:5      | Gained mutation: You evolve. [potion of mutation]
  1371 | D:5      | Gained mutation: You possess an exceptional clarity of
                  | mind. [potion of mutation]
  1371 | D:5      | Gained mutation: You passively map a small area around you.
                  | [potion of mutation]
  1371 | D:5      | Gained mutation: You rapidly evolve. [potion of mutation]
  1422 | D:5      | Noticed Duvessa
  1426 | D:5      | Noticed Dowan
  1434 | D:5      | Killed Dowan
  1438 | D:5      | Killed Duvessa
  1439 | D:5      | Reached XP level 7. HP: 44/51 MP: 1/15
  1474 | D:6      | Reached * piety under Cheibriados
  1487 | D:6      | Reached skill level 2 in Conjurations
  1487 | D:6      | Reached skill level 2 in Hexes
  1487 | D:6      | Reached skill level 2 in Summonings
  1487 | D:6      | Reached skill level 2 in Necromancy
  1487 | D:6      | Reached skill level 2 in Translocations
  1487 | D:6      | Reached skill level 3 in Transmutations
  1487 | D:6      | Reached skill level 2 in Fire Magic
  1487 | D:6      | Reached skill level 2 in Ice Magic
  1487 | D:6      | Reached skill level 2 in Air Magic
  1487 | D:6      | Reached skill level 2 in Earth Magic
  1512 | D:6      | Reached skill level 5 in Stealth
  1527 | D:6      | Reached skill level 3 in Invocations
  1584 | D:6      | Found Ixton's Book Shop.
  1638 | D:6      | Reached skill level 6 in Poison Magic
  1638 | D:6      | Reached XP level 8. HP: 57/57 MP: 9/16
  1736 | D:6      | Found the +2 hat of the Bear Spirit {Spirit, +Rage rN+
                  | Will++}
  1778 | D:7      | Learned a level 3 spell: Ignite Poison
  1814 | D:7      | Reached skill level 3 in Fighting
  1814 | D:7      | Reached skill level 3 in Short Blades
  1814 | D:7      | Reached skill level 3 in Long Blades
  1814 | D:7      | Reached skill level 3 in Axes
  1814 | D:7      | Reached skill level 3 in Maces & Flails
  1814 | D:7      | Reached skill level 3 in Polearms
  1814 | D:7      | Reached skill level 3 in Staves
  1814 | D:7      | Reached skill level 3 in Slings
  1814 | D:7      | Reached skill level 3 in Bows
  1814 | D:7      | Reached skill level 3 in Crossbows
  1814 | D:7      | Reached skill level 3 in Throwing
  1814 | D:7      | Reached skill level 3 in Armour
  1814 | D:7      | Reached skill level 3 in Shields
  1814 | D:7      | Reached skill level 3 in Unarmed Combat
  1814 | D:7      | Reached skill level 3 in Evocations
  1869 | D:7      | Found a flagged portal.
  1877 | D:7      | Reached ** piety under Cheibriados
  1886 | Bailey   | Entered a bailey
  1920 | Bailey   | Reached skill level 6 in Spellcasting
  1959 | Bailey   | Got a brightly glowing hunting sling
  1959 | Bailey   | Identified the +3 hunting sling of Integrity {speed, rN+
                  | Int+4} (You found it in a bailey)
  1965 | Bailey   | Noticed an orc knight
  1977 | Bailey   | Killed an orc knight
  1978 | Bailey   | Reached skill level 6 in Dodging
  1978 | Bailey   | Reached skill level 3 in Conjurations
  1978 | Bailey   | Reached skill level 3 in Hexes
  1978 | Bailey   | Reached skill level 3 in Summonings
  1978 | Bailey   | Reached skill level 3 in Necromancy
  1978 | Bailey   | Reached skill level 3 in Translocations
  1978 | Bailey   | Reached skill level 3 in Fire Magic
  1978 | Bailey   | Reached skill level 3 in Ice Magic
  1978 | Bailey   | Reached skill level 3 in Air Magic
  1978 | Bailey   | Reached skill level 3 in Earth Magic
  1978 | Bailey   | Reached skill level 4 in Invocations
  1979 | Bailey   | Found an iron altar of Okawaru.
  2032 | D:7      | Reached XP level 9. HP: 37/65 MP: 16/18
  2126 | D:8      | Found an opulent altar of Gozag.
  2133 | D:8      | Found a stormy altar of Qazlal.
  2134 | D:8      | Found a blossoming altar of Fedhas.
  2181 | D:8      | Lost mutation: You possess an exceptional clarity of mind.
                  | [evolution]
  2181 | D:8      | Lost mutation: You rapidly evolve. [decline of evolution]
  2205 | D:8      | Reached *** piety under Cheibriados
  2206 | D:8      | Reached skill level 4 in Fighting
  2206 | D:8      | Reached skill level 4 in Short Blades
  2206 | D:8      | Reached skill level 4 in Long Blades
  2206 | D:8      | Reached skill level 4 in Axes
  2206 | D:8      | Reached skill level 4 in Maces & Flails
  2206 | D:8      | Reached skill level 4 in Polearms
  2206 | D:8      | Reached skill level 4 in Staves
  2206 | D:8      | Reached skill level 4 in Slings
  2206 | D:8      | Reached skill level 4 in Bows
  2206 | D:8      | Reached skill level 4 in Crossbows
  2206 | D:8      | Reached skill level 4 in Throwing
  2206 | D:8      | Reached skill level 4 in Armour
  2206 | D:8      | Reached skill level 4 in Shields
  2206 | D:8      | Reached skill level 4 in Unarmed Combat
  2206 | D:8      | Reached skill level 4 in Transmutations
  2206 | D:8      | Reached skill level 4 in Evocations
  2311 | D:9      | Found a shimmering altar of Xom.
  2312 | D:9      | Found a shimmering altar of Xom.
  2312 | D:9      | Found a shimmering altar of Xom.
  2313 | D:9      | Found a shimmering altar of Xom.
  2313 | D:9      | Found a shimmering altar of Xom.
  2325 | D:9      | Reached skill level 6 in Stealth
  2336 | D:9      | Found a shimmering altar of Xom.
  2337 | D:9      | Found a shimmering altar of Xom.
  2372 | D:9      | Noticed a troll
  2378 | D:9      | Killed a troll
  2394 | D:9      | Found a burning altar of Makhleb.
  2466 | D:10     | Entered Level 10 of the Dungeon
  2472 | D:10     | Found Doulaih's Antique Weapon Emporium.
  2481 | D:10     | Got an ominously black robe
  2491 | D:10     | Identified the +4 robe "Xasufe" {+Fly Int+3} (You found it
                  | on level 10 of the Dungeon)
  2535 | D:9      | Noticed a two-headed ogre
  2540 | D:9      | Killed a two-headed ogre
  2541 | D:9      | Reached skill level 5 in Invocations
  2545 | D:9      | Found a sacrificial altar of Ru.
  2561 | D:9      | Reached skill level 7 in Spellcasting
  2627 | D:10     | Noticed a hornet
  2634 | D:10     | Killed a hornet
  2635 | D:10     | Reached skill level 4 in Conjurations
  2635 | D:10     | Reached skill level 4 in Hexes
  2635 | D:10     | Reached skill level 4 in Summonings
  2635 | D:10     | Reached skill level 4 in Necromancy
  2635 | D:10     | Reached skill level 4 in Translocations
  2635 | D:10     | Reached skill level 4 in Fire Magic
  2635 | D:10     | Reached skill level 4 in Ice Magic
  2635 | D:10     | Reached skill level 4 in Air Magic
  2635 | D:10     | Reached skill level 4 in Earth Magic
  2635 | D:10     | Reached XP level 10. HP: 73/73 MP: 15/20
  2675 | D:10     | Found Ylad's Antique Weapon Emporium.
  2736 | D:10     | Reached skill level 5 in Fighting
  2736 | D:10     | Reached skill level 5 in Short Blades
  2736 | D:10     | Reached skill level 5 in Long Blades
  2736 | D:10     | Reached skill level 5 in Axes
  2736 | D:10     | Reached skill level 5 in Maces & Flails
  2736 | D:10     | Reached skill level 5 in Polearms
  2736 | D:10     | Reached skill level 5 in Staves
  2736 | D:10     | Reached skill level 5 in Slings
  2736 | D:10     | Reached skill level 5 in Bows
  2736 | D:10     | Reached skill level 5 in Crossbows
  2736 | D:10     | Reached skill level 5 in Throwing
  2736 | D:10     | Reached skill level 5 in Armour
  2736 | D:10     | Reached skill level 5 in Shields
  2736 | D:10     | Reached skill level 5 in Unarmed Combat
  2736 | D:10     | Reached skill level 5 in Evocations
  2839 | D:10     | Reached skill level 7 in Poison Magic
  2862 | D:10     | Found Edaemy's Distillery.
  2961 | D:11     | Reached **** piety under Cheibriados
  2978 | D:11     | Noticed Psyche
  2982 | D:11     | Reached skill level 7 in Dodging
  2987 | D:11     | Killed Psyche
  2988 | D:11     | Reached skill level 5 in Transmutations
  3015 | D:12     | Noticed a five-headed hydra
  3084 | D:11     | Found a staircase to the Orcish Mines.
  3095 | D:11     | Reached skill level 6 in Invocations
  3119 | Orc:1    | Entered Level 1 of the Orcish Mines
  3126 | Orc:1    | Noticed an orc knight
  3131 | Orc:1    | Reached skill level 7 in Stealth
  3133 | Orc:1    | Noticed an orc sorcerer
  3134 | Orc:1    | Killed an orc knight
  3135 | Orc:1    | Killed an orc sorcerer
  3171 | Orc:2    | Entered Level 2 of the Orcish Mines
  3176 | Orc:2    | Noticed a cyclops
  3179 | Orc:2    | Noticed a two-headed ogre
  3179 | Orc:2    | Noticed a two-headed ogre
  3179 | Orc:2    | Noticed an ogre mage
  3180 | Orc:2    | Noticed a two-headed ogre
  3180 | Orc:2    | Found Ishrar's Weapon Boutique.
  3180 | Orc:2    | Found Vontihak's Jewellery Shoppe.
  3180 | Orc:2    | Noticed a two-headed ogre
  3180 | Orc:2    | Noticed an ogre mage
  3180 | Orc:2    | Noticed an ogre mage
  3180 | Orc:2    | Noticed a two-headed ogre
  3181 | Orc:2    | Noticed a two-headed ogre
  3181 | Orc:2    | Found Vysse's Jewellery Shoppe.
  3181 | Orc:2    | Found Ulocism's Antique Armour Shop.
  3181 | Orc:2    | Noticed a two-headed ogre
  3181 | Orc:2    | Noticed a two-headed ogre
  3181 | Orc:2    | Noticed an ogre mage
  3181 | Orc:2    | Noticed a two-headed ogre
  3181 | Orc:2    | Noticed a two-headed ogre
  3181 | Orc:2    | Noticed a two-headed ogre
  3183 | Orc:2    | Noticed a two-headed ogre
  3184 | Orc:2    | Killed a two-headed ogre
  3184 | Orc:2    | Noticed a two-headed ogre
  3185 | Orc:2    | Reached skill level 6 in Fighting
  3185 | Orc:2    | Reached skill level 6 in Short Blades
  3185 | Orc:2    | Reached skill level 6 in Long Blades
  3185 | Orc:2    | Reached skill level 6 in Axes
  3185 | Orc:2    | Reached skill level 6 in Maces & Flails
  3185 | Orc:2    | Reached skill level 6 in Polearms
  3185 | Orc:2    | Reached skill level 6 in Staves
  3185 | Orc:2    | Reached skill level 6 in Slings
  3185 | Orc:2    | Reached skill level 6 in Bows
  3185 | Orc:2    | Reached skill level 6 in Crossbows
  3185 | Orc:2    | Reached skill level 6 in Throwing
  3185 | Orc:2    | Reached skill level 6 in Armour
  3185 | Orc:2    | Reached skill level 6 in Shields
  3185 | Orc:2    | Reached skill level 6 in Unarmed Combat
  3185 | Orc:2    | Reached skill level 5 in Conjurations
  3185 | Orc:2    | Reached skill level 5 in Hexes
  3185 | Orc:2    | Reached skill level 5 in Summonings
  3185 | Orc:2    | Reached skill level 5 in Necromancy
  3185 | Orc:2    | Reached skill level 5 in Translocations
  3185 | Orc:2    | Reached skill level 5 in Fire Magic
  3185 | Orc:2    | Reached skill level 5 in Ice Magic
  3185 | Orc:2    | Reached skill level 5 in Air Magic
  3185 | Orc:2    | Reached skill level 5 in Earth Magic
  3185 | Orc:2    | Reached skill level 6 in Evocations
  3185 | Orc:2    | Reached XP level 11. HP: 41/81 MP: 11/22
  3185 | Orc:2    | Killed a two-headed ogre
  3185 | Orc:2    | Killed a two-headed ogre
  3185 | Orc:2    | Reached ***** piety under Cheibriados
  3185 | Orc:2    | Killed an ogre mage
  3185 | Orc:2    | Killed a two-headed ogre
  3186 | Orc:2    | Reached skill level 8 in Dodging
  3186 | Orc:2    | Reached skill level 8 in Spellcasting
  3186 | Orc:2    | Reached skill level 7 in Invocations
  3186 | Orc:2    | Noticed a two-headed ogre
  3186 | Orc:2    | Killed a two-headed ogre
  3186 | Orc:2    | Killed an ogre mage
  3186 | Orc:2    | Killed a two-headed ogre
  3187 | Orc:2    | Reached skill level 8 in Stealth
  3187 | Orc:2    | Reached skill level 6 in Transmutations
  3187 | Orc:2    | Killed a two-headed ogre
  3187 | Orc:2    | Killed a two-headed ogre
  3187 | Orc:2    | Killed a cyclops
  3187 | Orc:2    | Killed a two-headed ogre
  3187 | Orc:2    | Killed a two-headed ogre
  3187 | Orc:2    | Killed a two-headed ogre
  3188 | Orc:2    | Reached skill level 7 in Fighting
  3188 | Orc:2    | Reached skill level 7 in Short Blades
  3188 | Orc:2    | Reached skill level 7 in Long Blades
  3188 | Orc:2    | Reached skill level 7 in Axes
  3188 | Orc:2    | Reached skill level 7 in Maces & Flails
  3188 | Orc:2    | Reached skill level 7 in Polearms
  3188 | Orc:2    | Reached skill level 7 in Staves
  3188 | Orc:2    | Reached skill level 7 in Slings
  3188 | Orc:2    | Reached skill level 7 in Bows
  3188 | Orc:2    | Reached skill level 7 in Crossbows
  3188 | Orc:2    | Reached skill level 7 in Throwing
  3188 | Orc:2    | Reached skill level 7 in Armour
  3188 | Orc:2    | Reached skill level 7 in Shields
  3188 | Orc:2    | Reached skill level 7 in Unarmed Combat
  3188 | Orc:2    | Reached skill level 8 in Poison Magic
  3188 | Orc:2    | Reached skill level 7 in Evocations
  3188 | Orc:2    | Reached XP level 12. HP: 18/91 MP: 5/24
  3188 | Orc:2    | Killed an ogre mage
  3188 | Orc:2    | Killed a two-headed ogre
  3188 | Orc:2    | Killed an ogre mage
  3189 | Orc:2    | Reached skill level 9 in Spellcasting
  3189 | Orc:2    | Reached skill level 6 in Conjurations
  3189 | Orc:2    | Reached skill level 6 in Hexes
  3189 | Orc:2    | Reached skill level 6 in Summonings
  3189 | Orc:2    | Reached skill level 6 in Necromancy
  3189 | Orc:2    | Reached skill level 6 in Translocations
  3189 | Orc:2    | Reached skill level 6 in Fire Magic
  3189 | Orc:2    | Reached skill level 6 in Ice Magic
  3189 | Orc:2    | Reached skill level 6 in Air Magic
  3189 | Orc:2    | Reached skill level 6 in Earth Magic
  3189 | Orc:2    | Reached skill level 8 in Invocations
  3191 | Orc:2    | Killed a two-headed ogre
  3193 | Orc:2    | Killed a two-headed ogre
  3196 | Orc:2    | Noticed a two-headed ogre
  3202 | Orc:2    | Found a roughly hewn altar of Beogh.
  3295 | Orc:2    | Reached skill level 9 in Dodging
  3318 | Orc:2    | Reached ****** piety under Cheibriados
  3370 | Orc:2    | Killed a two-headed ogre
  3371 | Orc:2    | Reached skill level 9 in Stealth
  3371 | Orc:2    | Reached XP level 13. HP: 98/98 MP: 10/26
  3377 | Orc:2    | Bought an uncursed amulet of magic regeneration for 420
                  | gold pieces
  3395 | Orc:2    | Noticed a stone giant
  3449 | Orc:2    | Found a staircase to the Elven Halls.
  3478 | Orc:1    | Reached skill level 7 in Transmutations
  3481 | Orc:1    | Reached skill level 8 in Fighting
  3481 | Orc:1    | Reached skill level 8 in Short Blades
  3481 | Orc:1    | Reached skill level 8 in Long Blades
  3481 | Orc:1    | Reached skill level 8 in Axes
  3481 | Orc:1    | Reached skill level 8 in Maces & Flails
  3481 | Orc:1    | Reached skill level 8 in Polearms
  3481 | Orc:1    | Reached skill level 8 in Staves
  3481 | Orc:1    | Reached skill level 8 in Slings
  3481 | Orc:1    | Reached skill level 8 in Bows
  3481 | Orc:1    | Reached skill level 8 in Crossbows
  3481 | Orc:1    | Reached skill level 8 in Throwing
  3481 | Orc:1    | Reached skill level 8 in Armour
  3481 | Orc:1    | Reached skill level 8 in Shields
  3481 | Orc:1    | Reached skill level 8 in Unarmed Combat
  3481 | Orc:1    | Reached skill level 8 in Evocations
  3649 | D:11     | Found Gewid's Assorted Antiques.
  3666 | D:11     | Bought an onyx ring for 115 gold pieces
  3666 | D:11     | Bought a coppery potion for 20 gold pieces
  3666 | D:11     | Bought a sapphire potion for 20 gold pieces
  3666 | D:11     | Bought a scroll of immolation for 80 gold pieces
  3765 | D:11     | Learned a level 3 spell: Frozen Ramparts
  3770 | D:11     | Learned a level 4 spell: Summon Ice Beast
  3784 | D:11     | Found a burning altar of Makhleb.
  3876 | D:10     | Found the +12 Vampire's Tooth {vamp}
  3922 | D:10     | Found Umomn's General Store.
  3930 | D:10     | Bought a scroll of magic mapping for 35 gold pieces
  3930 | D:10     | Bought a wand of enslavement (9) for 110 gold pieces
  3966 | D:9      | Found a staircase to the Lair.
  3975 | Lair:1   | Entered Level 1 of the Lair of Beasts
  3993 | Lair:1   | Reached skill level 9 in Invocations
  4048 | Lair:2   | Noticed Gastronok
  4050 | Lair:2   | Noticed Nergalle
  4056 | Lair:2   | Killed Nergalle
  4058 | Lair:2   | Killed Gastronok
  4059 | Lair:2   | Reached skill level 7 in Conjurations
  4059 | Lair:2   | Reached skill level 7 in Hexes
  4059 | Lair:2   | Reached skill level 7 in Summonings
  4059 | Lair:2   | Reached skill level 7 in Necromancy
  4059 | Lair:2   | Reached skill level 7 in Translocations
  4059 | Lair:2   | Reached skill level 7 in Fire Magic
  4059 | Lair:2   | Reached skill level 7 in Ice Magic
  4059 | Lair:2   | Reached skill level 7 in Air Magic
  4059 | Lair:2   | Reached skill level 7 in Earth Magic
  4059 | Lair:2   | Reached skill level 9 in Poison Magic
  4167 | Lair:4   | Found a dark tunnel.
  4236 | Lair:4   | Reached skill level 10 in Spellcasting
  4370 | Lair:4   | Found a hole to the Spider Nest.
  4397 | Lair:4   | Reached XP level 14. HP: 41/106 MP: 28/28
  4416 | Spider:1 | Entered Level 1 of the Spider Nest
  4477 | Spider:2 | Reached skill level 10 in Dodging
  4557 | Spider:3 | Noticed Arachne
  4579 | Spider:2 | Killed Arachne
  4580 | Spider:2 | Reached skill level 9 in Fighting
  4580 | Spider:2 | Reached skill level 9 in Short Blades
  4580 | Spider:2 | Reached skill level 9 in Long Blades
  4580 | Spider:2 | Reached skill level 9 in Axes
  4580 | Spider:2 | Reached skill level 9 in Maces & Flails
  4580 | Spider:2 | Reached skill level 9 in Polearms
  4580 | Spider:2 | Reached skill level 9 in Staves
  4580 | Spider:2 | Reached skill level 9 in Slings
  4580 | Spider:2 | Reached skill level 9 in Bows
  4580 | Spider:2 | Reached skill level 9 in Crossbows
  4580 | Spider:2 | Reached skill level 9 in Throwing
  4580 | Spider:2 | Reached skill level 9 in Armour
  4580 | Spider:2 | Reached skill level 9 in Shields
  4580 | Spider:2 | Reached skill level 9 in Unarmed Combat
  4580 | Spider:2 | Reached skill level 9 in Evocations
  4598 | Spider:3 | Reached skill level 10 in Stealth
  4639 | Spider:4 | Entered Level 4 of the Spider Nest
  4685 | Spider:4 | Reached skill level 8 in Transmutations
  4694 | Spider:4 | Reached skill level 10 in Invocations
  4847 | Spider:4 | Noticed an emperor scorpion
  4861 | Spider:4 | Killed an emperor scorpion
  4866 | Spider:4 | Noticed an emperor scorpion
  4885 | Spider:4 | Killed an emperor scorpion
  4886 | Spider:4 | Reached skill level 8 in Conjurations
  4886 | Spider:4 | Reached skill level 8 in Hexes
  4886 | Spider:4 | Reached skill level 8 in Summonings
  4886 | Spider:4 | Reached skill level 8 in Necromancy
  4886 | Spider:4 | Reached skill level 8 in Translocations
  4886 | Spider:4 | Reached skill level 8 in Fire Magic
  4886 | Spider:4 | Reached skill level 8 in Ice Magic
  4886 | Spider:4 | Reached skill level 8 in Air Magic
  4886 | Spider:4 | Reached skill level 8 in Earth Magic
  4907 | Spider:4 | Killed a ghost moth
  4993 | Spider:4 | Noticed an emperor scorpion
  4993 | Spider:4 | Noticed an emperor scorpion
  4994 | Spider:4 | Noticed an emperor scorpion
  4996 | Spider:4 | Reached XP level 15. HP: 47/115 MP: 21/29
  5011 | Spider:4 | Got a gossamer rune of Zot
  5145 | Lair:3   | Noticed Yjeari's ghost (journeyman GrMo)
  5148 | Lair:3   | Found a runed translucent door.
  5320 | Lair:2   | Learned a level 4 spell: Hailstorm
  5411 | Lair:2   | Found a staircase to the Swamp.
  5420 | Swamp:1  | Entered Level 1 of the Swamp
  5510 | Swamp:3  | Reached skill level 11 in Spellcasting
  5515 | Swamp:3  | Reached skill level 10 in Poison Magic
  5529 | Swamp:3  | Noticed a thorn hunter
  5536 | Swamp:3  | Killed a thorn hunter
  5544 | Swamp:3  | HP: 1/115 [eleionoma/spray of wooden splinters (22)]
  5550 | Swamp:3  | Reached skill level 10 in Fighting
  5550 | Swamp:3  | Reached skill level 10 in Short Blades
  5550 | Swamp:3  | Reached skill level 10 in Long Blades
  5550 | Swamp:3  | Reached skill level 10 in Axes
  5550 | Swamp:3  | Reached skill level 10 in Maces & Flails
  5550 | Swamp:3  | Reached skill level 10 in Polearms
  5550 | Swamp:3  | Reached skill level 10 in Staves
  5550 | Swamp:3  | Reached skill level 10 in Slings
  5550 | Swamp:3  | Reached skill level 10 in Bows
  5550 | Swamp:3  | Reached skill level 10 in Crossbows
  5550 | Swamp:3  | Reached skill level 10 in Throwing
  5550 | Swamp:3  | Reached skill level 10 in Armour
  5550 | Swamp:3  | Reached skill level 10 in Shields
  5550 | Swamp:3  | Reached skill level 10 in Unarmed Combat
  5550 | Swamp:3  | Reached skill level 10 in Evocations
  5610 | Swamp:4  | Entered Level 4 of the Swamp
  5644 | Swamp:4  | Reached skill level 11 in Dodging
  5801 | Swamp:4  | Learned a level 3 spell: Ozocubu's Armour
  5813 | Swamp:4  | Reached skill level 11 in Invocations
  5869 | Swamp:4  | Reached skill level 11 in Stealth
  5875 | Swamp:4  | Paralysed by something for 3 turns
  5877 | Swamp:4  | HP: 1/115 [something (19)]
  5877 | Swamp:4  | Slain by a vampire knight

Illustrated notes

Levels and vault maps discovered:
D:1:      ebering_trefoil_twist, layout_loops_cross, serial_park_tiny_pond,
          minmay_strange_pillars
D:2:      layout_basic, lemuel_coloured_pillars_altar, serial_glass,
          glass_columns_b, glass_columns_b, item_on_display_a
D:3:      layout_loops_ring, chequers_ecumenical_altar_lobes,
          lemuel_blue_sif_altar
D:4:      layout_rooms, cheibrodos_ashenzari_chains,
          minmay_temple_entry_stoned_glass
D:5:      layout_loops_cross, tso_altar, eat_drink_and_be_merry_uskayaw,
          uniq_duvessa, uniq_menkaure, uniq_edmund
D:6:      layout_cave_pools, nzn_hepliaklqana_mist_gate, serial_column_ruins,
          column_ruins_circle_large, column_ruins_corridor_water,
          column_ruins_columns_plus, column_ruins_open_tiny,
          column_ruins_columns_T, column_ruins_open_tiny_water, serial_shops,
          shop
D:7:      layout_layer_cave, enter_bailey_5, serial_shops, nicolae_shop_stone
D:8:      layout_basic, gammafunk_temple_overflow_claw
D:9:      layout_basic, nicolae_ru_great_annihilating_truth, xom_shifter_show,
          lightli_temple_of_fire
D:10:     layout_stronghold, serial_shops, shop, nicolae_shop_stone, shop,
          nicolae_shop_temple_entry_statues_fountains, hangedman_decor_riveting,
          minmay_guarded_unrand_vampires_tooth
D:11:     layout_roguey, orc_0_dummy, basic_altar, serial_shops, shop_fountains,
          uniq_psyche
D:12:     layout_small_grid, serial_shops, nicolae_shop_stone,
          nicolae_shop_stone, gammafunk_ghost_nasty_kobolds
Temple:   minmay_temple_curvy_loop
Lair:1:   layout_hall_layers
Lair:2:   layout_gridlike, swamp_mist, grunt_megastairs_3, serial_bayou_shore_a,
          uniq_nergalle, uniq_gastronok
Lair:3:   layout_regular_city, hellmonk_ghost_happy_afterlife,
          minmay_lair_oklob_chamber
Lair:4:   layout_regular_city, spider_nest_entry_webs,
          nicolae_volcano_entry_two_sided, grunt_megastairs_1
Swamp:1:  layout_basic_swamp, nicolae_swamp_trees_clearing, st_swamp_ruins_1
Swamp:2:  layout_basic_swamp, hangedman_swamp_ruin_wall
Swamp:3:  layout_basic_swamp, evilmike_swamp_ruin_house_6
Swamp:4:  byrel_swamp_growth_death_and_undeath, layout_basic_swamp
Spider:1: layout_spider_delve, drop_trap, uniq_nikola
Spider:2: layout_spider_delve
Spider:3: layout_spider_delve, uniq_arachne
Spider:4: spider_rune_water, hive_lemuel
Orc:1:    minmay_goldmine, layout_caves, rock_pile
Orc:2:    st_orc_ogre_mass, layout_caves, basic_altar, minmay_orc_barracks

Skill      XL: |  1  2  3  4  5  6  7  8  9 10 11 12 13 14 15 |
---------------+----------------------------------------------+-----
Transmutations | 2 3 4 5 6 7 8 |  8.9
Spellcasting   | 5 6 7 8 9 10 11 | 11.2
Invocations    | 1 2 3 4 5 6 7 8 9 10 11 | 11.0
Fighting       | 1 2 3 4 6 7 8 9 10 | 10.2
Short Blades   | 1 2 3 4 6 7 8 9 10 | 10.2
Long Blades    | 1 2 3 4 6 7 8 9 10 | 10.2
Axes           | 1 2 3 4 6 7 8 9 10 | 10.2
Maces & Flails | 1 2 3 4 6 7 8 9 10 | 10.2
Polearms       | 1 2 3 4 6 7 8 9 10 | 10.2
Staves         | 1 2 3 4 6 7 8 9 10 | 10.2
Slings         | 1 2 3 4 6 7 8 9 10 | 10.2
Bows           | 1 2 3 4 6 7 8 9 10 | 10.2
Crossbows      | 1 2 3 4 6 7 8 9 10 | 10.2
Throwing       | 1 2 3 4 6 7 8 9 10 | 10.2
Armour         | 1 2 3 4 6 7 8 9 10 | 10.2
Shields        | 1 2 3 4 6 7 8 9 10 | 10.2
Unarmed Combat | 1 2 3 4 6 7 8 9 10 | 10.2
Evocations     | 1 2 3 4 6 7 8 9 10 | 10.2
Conjurations   | 1 2 3 4 5 6 7 8 |  8.6
Hexes          | 1 2 3 4 5 6 7 8 |  8.6
Summonings     | 1 2 3 4 5 6 7 8 |  8.6
Necromancy     | 1 2 3 4 5 6 7 8 |  8.6
Translocations | 1 2 3 4 5 6 7 8 |  8.6
Fire Magic     | 1 2 3 4 5 6 7 8 |  8.6
Ice Magic      | 1 2 3 4 5 6 7 8 |  8.6
Air Magic      | 1 2 3 4 5 6 7 8 |  8.6
Earth Magic    | 1 2 3 4 5 6 7 8 |  8.6
Dodging        | 5 6 7 8 9 10 11 | 11.1
Stealth        | 5 6 7 8 9 10 11 | 11.0
Poison Magic   | 6 7 8 9 10 | 10.2

Action                   |  1- 3 |  4- 6 |  7- 9 | 10-12 | 13-15 || total
-------------------------+-------+-------+-------+-------+-------++-------
Melee: Unarmed           |     1 |       |       |       |    19 ||    20
       Trident           |     6 |     6 |       |       |       ||    12
       Dagger            |       |    38 |       |       |     3 ||    41
       Bite              |       |     9 |    13 |     7 |    28 ||    57
       Staff             |       |     4 |       |       |    67 ||    71
       Punch             |       |     1 |     1 |     4 |     7 ||    13
       Short sword       |       |       |    65 |       |       ||    65
       Demon trident     |       |       |    37 |    65 |    39 ||   141
Throw: Boomerang         |       |       |     7 |    12 |    11 ||    30
 Cast: Sting             |    29 |    17 |    17 |     3 |       ||    66
       Poisonous Vapours |     5 |    18 |    28 |    11 |    14 ||    76
       Olgreb's Toxic Ra |       |       |    16 |    18 |    62 ||    96
       Ignite Poison     |       |       |     6 |    14 |    25 ||    45
       Mephitic Cloud    |       |       |     2 |     1 |     1 ||     4
       Summon Ice Beast  |       |       |       |       |    76 ||    76
       Frozen Ramparts   |       |       |       |       |     8 ||     8
       Hailstorm         |       |       |       |       |    15 ||    15
       Ozocubu's Armour  |       |       |       |       |     2 ||     2
Invok: Bend Time         |       |       |     1 |       |       ||     1
       Slouch            |       |       |       |       |     7 ||     7
       Step From Time    |       |       |       |       |     1 ||     1
       Temporal Distorti |       |       |       |       |     1 ||     1
Evoke: Wand              |       |       |     1 |       |    28 ||    29
       Box of beasts     |       |       |       |       |     3 ||     3
  Use: Scroll            |     8 |     6 |    11 |     1 |    18 ||    44
       Potion            |       |     1 |     2 |     2 |     7 ||    12
 Stab: Sleeping          |       |     1 |     1 |     2 |     1 ||     5
       Distracted        |       |       |       |       |     1 ||     1
       Paralysed         |       |       |       |       |     5 ||     5
Armor: Robe              |     1 |    20 |    34 |    11 |       ||    66
       Troll leather arm |       |       |       |    23 |   177 ||   200
       Skin              |       |       |       |       |    87 ||    87
Dodge: Dodged            |    15 |    85 |   161 |   215 |   840 ||  1316
